 Dungeon Crawl Stone Soup version 0.31-a0-845-g9abc20d24f (webtiles) character file.

Game seed: 6162291602956312180

2201 qipq the Thaumaturge (level 9, -4/65 HPs)
             Began as a Mummy Necromancer on Oct 1, 2023.
             Was an Initiate of Gozag.
             Slain by Maggie the salamander
             ... wielding a +1 long sword of distortion
              (21 damage)
             ... on level 7 of the Dungeon.
             The game lasted 00:09:24 (7123 turns).

qipq the Thaumaturge (Mummy Necromancer)            Turns: 7123, Time: 00:09:25

Health: -4/65      AC:  6    Str: 12    XL:     9   Next: 12%
Magic:  8/32       EV: 13    Int: 18    God:    Gozag
Gold:   1115       SH:  5    Dex: 12    Spells: 20/29 levels left

rFire   x . .        u - +2 quarterstaff (spect)
rCold   + + .        (shield currently unavailable)
rNeg    + + +        a - +1 robe
rPois   ∞            b - +0 helmet
rElec   .            n - scarf {shadows}
rCorr   .            C - +0 pair of gloves
SInv    .            g - +0 pair of boots
Will    +....        t - amulet of reflection
Stlth   ++           q - ring of protection from cold
HPRegen 0.30/turn    o - ring of magical power
MPRegen 0.23/turn

%: reflection, faith
@: no status effects
A: cold resistance 1, negative energy resistance 3, torment resistance 2, heat
vulnerability 1, in touch with death 1, no potions, faith
a: Renounce Religion, Potion Petition, Call Merchant, Bribe Branch


You were on level 7 of the Dungeon.
You worshipped Gozag.
Gozag was most pleased with you.
You visited 2 branches of the dungeon, and saw 8 of its levels.

You collected 1423 gold pieces.
You spent 210 gold pieces at shops.
You paid 98 gold pieces to Gozag.

Inventory:

Hand Weapons
 d - a +0 vampiric dagger
 e - a +0 dagger
 i - a +1 dagger of venom
 u - a +2 spectral quarterstaff (weapon)
Missiles
 A - 2 throwing nets {!f}
Armour
 a - a +1 robe (worn)
 b - a +0 helmet (worn)
 g - a +0 pair of boots (worn)
 l - the +6 scale mail of Untruth {Will- Regen+ Str+5}
   (You took it off a gnoll on level 4 of the Dungeon)

   Str+5:     It affects your strength (+5).
   Will-:     It decreases your willpower.
   Regen+:    It increases your rate of health regeneration.
 n - a scarf of shadows (worn)
 r - a scarf of invisibility
 C - a +0 pair of gloves (worn)
Jewellery
 c - an amulet of regeneration
 o - a ring of magical power (right hand)
 q - a ring of protection from cold (left hand)
 t - an amulet of reflection (around neck)
Wands
 s - a wand of roots (8)
 B - a wand of polymorph (2)
Scrolls
 f - a scroll of identify {@r1}
 h - 3 scrolls of fear
 j - 2 scrolls of vulnerability
 k - 2 scrolls of poison
 m - 5 scrolls of teleportation {@r3}
 p - a scroll of silence
 v - a scroll of amnesia
 w - a scroll of noise
 x - a scroll of immolation
 y - a scroll of fog {unknown}
 z - a scroll of revelation


   Skills:
 + Level 4.0 Fighting
 + Level 3.8 Dodging
 - Level 1.5 Stealth
 - Level 10.5 Spellcasting
 * Level 7.3 Necromancy


You had 20 spell levels left.
You knew the following spells:

 Your Spells              Type           Power      Damage    Failure   Level
a - Necrotise             Necr           100%       1d9       1%          1
b - Vampiric Draining     Necr           52%        2d9       1%          3
c - Agony                 Necr           52%        N/A       11%         5

Your spell library contained the following spells:

 Spells                   Type           Power      Damage    Failure   Level
 Apportation              Tloc           18%        N/A       8%          1
 Sandblast                Erth           18%        2d7       8%          1
 Jinxbite                 Hex            18%        N/A       12%         2
 Passwall                 Tmut/Erth      7%         N/A       12%         2
 Stone Arrow              Conj/Erth      18%        3d8       22%         3
 Brom's Barrelling Bould  Conj/Erth      9%         2d3       58%         4
 Manifold Assault         Tloc           9%         N/A       58%         4
 Alistair's Intoxication  Tmut/Pois      6%         N/A       91%         5
 Dispersal                Tloc           4%         N/A       100%        6
 Disjunction              Tloc           4%         N/A       100%        8
 Animate Dead             Necr           Unusable   N/A       N/A         4

Dungeon Overview and Level Annotations

Branches:
Dungeon (7/15)             Temple (1/1) D:6

Altars:
Ashenzari
Cheibriados
Dithmenos
Gozag
Hepliaklqana
Kikubaaqudgha
Makhleb
Nemelex Xobeh
Okawaru
Qazlal
Ru
Sif Muna
Trog
Uskayaw
Vehumet
Wu Jian
Xom
Yredelemnul

Shops:
D:4 [   D:5 (?((

Annotations:
D:1 exclusion: downstairs
D:7 Maggie


Innate Abilities, Weirdness & Mutations

You are immune to poison.
Your flesh is cold resistant. (rC+)
You are immune to negative energy. (rN+++)
You are immune to unholy pain and torment.
You are vulnerable to heat. (rF-)
You are in touch with the powers of death.
You do not drink.
You have a special connection with the divine. (Faith)


Message History

You feel a surge of power!
You draw life force from Maggie.
You feel life coursing into your body.
Maggie hits you with a +1 long sword of distortion!
You are engulfed in flames!!
The fire burns you terribly!
Casting: Vampiric Draining (safe; 1% risk of failure)
Aiming: Vampiric Draining (safe; 1% risk of failure)
Press: ? - help, Shift-Dir - straight line, f/p - Maggie
Aim: Maggie the salamander, wielding a +1 long sword of distortion and wearing +0 steam dragon scales (moderately wounded)
You feel a surge of power!
You draw life force from Maggie.
You feel life coursing into your body. Maggie barely misses you.
Casting: Vampiric Draining (safe; 1% risk of failure)
Aiming: Vampiric Draining (safe; 1% risk of failure)
Press: ? - help, Shift-Dir - straight line, f/p - Maggie
Aim: Maggie the salamander, wielding a +1 long sword of distortion and wearing +0 steam dragon scales (moderately wounded)
You feel a surge of power!
You draw life force from Maggie.
You feel life coursing into your body. You block Maggie's attack.
Unknown command.
Casting: Vampiric Draining (safe; 1% risk of failure)
Aiming: Vampiric Draining (safe; 1% risk of failure)
Press: ? - help, Shift-Dir - straight line, f/p - Maggie
Aim: Maggie the salamander, wielding a +1 long sword of distortion and wearing +0 steam dragon scales (heavily wounded)
You feel a surge of power!
You draw life force from Maggie!
You feel life coursing into your body.
Maggie hits you with a +1 long sword of distortion.
You are engulfed in flames!
The fire burns you terribly!
* * * LOW HITPOINT WARNING * * *
Space warps around you.
* * * LOW HITPOINT WARNING * * *
Unknown command.
Casting: Vampiric Draining (safe; 1% risk of failure)
Aiming: Vampiric Draining (safe; 1% risk of failure)
Press: ? - help, Shift-Dir - straight line, f/p - Maggie
Aim: Maggie the salamander, wielding a +1 long sword of distortion and wearing +0 steam dragon scales (heavily wounded)
You feel a surge of power!
You draw life force from Maggie!
You feel life coursing into your body!
Maggie hits you with a +1 long sword of distortion!
* * * LOW HITPOINT WARNING * * *
You are engulfed in flames!!
The fire burns you terribly!
You die...
Your body crumbles into a pile of gold.

##### #.#.##
###....#
###..@...#
#.....N..##
#......<.#
#..........#
###.......##
#...#..###
........
...#.... .#
#....


You could see Maggie the salamander.

Vanquished Creatures
  Edmund (D:6)
  2 orc warriors (D:6)
  An ice beast (D:5)
  3 ogres
  A phantom (D:6)
  A bullfrog (D:6)
  6 scorpions
  A gnoll sergeant (D:6)
  3 hounds
  A jelly (D:5)
  5 orc priests
  Terence (D:2)
  4 orc wizards
  A sleepcap (D:4)
  12 gnolls
  12 adders
  2 shadow imps
  2 white imps (D:6)
  4 dart slugs
  16 orcs
  5 ball pythons
  6 endoplasms
  A giant cockroach (D:2)
  7 goblins
  2 hobgoblins
  11 jackals
  8 kobolds
  3 quokkas
  4 bats
  2 frilled lizards (D:1)
  6 rats
134 creatures vanquished.

Vanquished Creatures (collateral kills)
  Sigmund (D:2)
  An orc wizard (D:4)
  2 adders
  A gnoll (D:4)
  An endoplasm (D:2)
  2 rats
8 creatures vanquished.

Grand Total: 142 creatures vanquished

Notes
Turn   | Place    | Note
-------+----------+-------------------------------------------
     0 | D:1      | qipq the Mummy Necromancer began the quest for the Orb.
     0 | D:1      | Reached XP level 1. HP: 13/13 MP: 4/4
   212 | D:1      | Reached skill level 3 in Spellcasting
   214 | D:1      | Identified a scroll of acquirement
   214 | D:1      | Acquired 901 gold pieces
   238 | D:1      | Reached XP level 2. HP: 6/19 MP: 0/6
   790 | D:1      | Reached skill level 4 in Spellcasting
   791 | D:1      | Found a faded altar of an unknown god.
  1075 | D:2      | Reached XP level 3. HP: 24/24 MP: 2/8
  1167 | D:2      | Reached skill level 5 in Spellcasting
  1796 | D:2      | Reached XP level 4. HP: 30/30 MP: 6/11
  1957 | D:2      | Noticed Terence
  2036 | D:3      | Learned a level 3 spell: Vampiric Draining
  2257 | D:3      | Reached skill level 6 in Spellcasting
  2355 | D:2      | Reached XP level 5. HP: 17/35 MP: 3/14
  2680 | D:2      | Noticed Sigmund
  2692 | D:2      | Killed Terence
  2693 | D:2      | Reached skill level 7 in Spellcasting
  2696 | D:2      | Killed Sigmund
  2697 | D:2      | Reached skill level 8 in Spellcasting
  2697 | D:2      | Reached XP level 6. HP: 28/41 MP: 0/17
  3842 | D:4      | Reached skill level 9 in Spellcasting
  3939 | D:4      | Identified the +6 scale mail of Untruth {Will- Regen+
                  | Str+5}
  3953 | D:4      | Reached XP level 7. HP: 43/46 MP: 10/19
  4028 | D:4      | Found Rahuon's Antique Armour Shoppe.
  4465 | D:5      | Entered Level 5 of the Dungeon
  4547 | D:5      | Reached skill level 10 in Spellcasting
  4613 | D:5      | Found Muhy's Weapon Shoppe.
  4613 | D:5      | Noticed a +0 quick blade
  4615 | D:5      | Noticed a +3 demon whip
  4674 | D:5      | Learned a level 5 spell: Agony
  4799 | D:5      | Found Ceukiuf's Weapon Shoppe.
  4932 | D:5      | Found Raefuir's Magic Scroll Shoppe.
  4940 | D:5      | Bought a scroll of teleportation for 42 gold pieces
  4940 | D:5      | Bought a scroll of teleportation for 42 gold pieces
  4940 | D:5      | Bought a scroll of identify for 28 gold pieces
  4943 | D:5      | Found Osytuog's Hydra Hut.
  4950 | D:5      | Reached skill level 1 in Fighting
  5002 | D:5      | Reached XP level 8. HP: 54/54 MP: 7/22
  5084 | D:5      | Noticed a four-headed hydra
  5336 | D:5      | Reached skill level 5 in Necromancy
  5802 | D:6      | Found a staircase to the Ecumenical Temple.
  5846 | Temple   | Entered the Ecumenical Temple
  5865 | Temple   | Became a worshipper of Gozag Ym Sagoz the Greedy
  5941 | D:5      | Bought a scroll of noise for 14 gold pieces
  5941 | D:5      | Bought a scroll of immolation for 56 gold pieces
  5944 | D:5      | Bought a scroll of identify for 28 gold pieces
  6307 | D:6      | Noticed Edmund
  6322 | D:6      | Killed Edmund
  6523 | D:6      | Found a shimmering blue altar of Sif Muna.
  6533 | D:6      | Reached XP level 9. HP: 65/65 MP: 23/23
  7105 | D:7      | Noticed Maggie
  7115 | D:7      | Maggie changed into Maggie the salamander
  7115 | D:7      | Noticed Maggie
  7123 | D:7      | Slain by Maggie the salamander

Illustrated notes

Levels and vault maps discovered:
D:1:      minmay_arrival_floating_metal, layout_loops_ring,
          shapermc_ecumenical_altar_mp_highgroup
D:2:      layout_loops_ring, kennysheep_another_room, minmay_misc_feat_encased,
          uniq_terence, uniq_sigmund
D:3:      layout_loops_ring, minmay_crystal_water
D:4:      layout_basic, serial_shops, shop, hex_large
D:5:      layout_basic, serial_shops, nicolae_stop_n_shop_2,
          nicolae_shop_mannequins, shop, doesnt_shop_hydraphobe
D:6:      layout_loops_ring, nicolae_sif_muna_condensation,
          minmay_temple_entry_slanted, uniq_edmund
D:7:      layout_cave_pools, nicolae_take_the_stairs, patterned_corridor,
          uniq_maggie, uniq_crazy_yiuf_cottage
Temple:   nicolae_temple_slightly_damp_pantheon

Skill      XL: |  1  2  3  4  5  6  7  8  9 |
---------------+----------------------------+-----
Spellcasting   | 3 4 5 6 8 9 10 | 10.5
Fighting       | 1 3 4 |  4.0
Dodging        | 2 3 |  3.8
Necromancy     | 7 |  7.3
Stealth        | |  1.5

Action                     |  1- 3 |  4- 6 |  7- 9 || total
---------------------------+-------+-------+-------++-------
  Melee: Unarmed           |    10 |       |       ||    10
         Dagger            |     8 |    10 |    20 ||    38
         Punch             |       |     1 |       ||     1
         Quarterstaff      |       |       |    34 ||    34
   Cast: Necrotise         |    66 |    83 |   118 ||   267
         Vampiric Draining |       |     6 |    42 ||    48
  Evoke: Wand              |       |       |     7 ||     7
    Use: Scroll            |     5 |       |     4 ||     9
   Stab: Paralysed         |       |       |     3 ||     3
 Armour: Robe              |    39 |    29 |    58 ||   126
  Dodge: Dodged            |    31 |    15 |    53 ||    99
  Block: Other             |       |       |    12 ||    12

Table legend: (Time is in decaauts)
 A = Elapsed time spent in this place.
 B = Non-inter-level travel time spent in this place.
 C = Inter-level travel time spent in this place.
 D = Time resting spent in this place.
 E = Time spent auto-exploring this place.
 F = Levels seen in this place.
 G = Mean time per level.
                   A        B        C        D        E       F      G
               +--------+--------+--------+--------+--------+-----+--------+
         Total |   7146 |   6739 |    407 |    653 |   5066 |   8 |  893.2 |
       Dungeon |   7107 |   6737 |    370 |    653 |   5066 |   7 | 1015.3 |
        Temple |     38 |      1 |     37 |      0 |      0 |   1 |   38.0 |
               +--------+--------+--------+--------+--------+-----+--------+

Top non-repeatable levels by time:
     D:2: 1487 daAuts
     D:5: 1447 daAuts
     D:1: 1370 daAuts
     D:6: 1156 daAuts
     D:4: 824 daAuts
     D:3: 797 daAuts
  Temple: 38 daAuts
     D:7: 23 daAuts
